 Dungeon Crawl Stone Soup version 0.30-a0-793-g160f7cfddd (webtiles) character file.

Game seed: 2290966821474594679

398 fleeber the Slasher (level 6, -7/48 HPs)
             Began as a Merfolk Gladiator on Feb 20, 2023.
             Mangled by Edmund
             ... wielding a +5 flail of holy wrath
              (13 damage)
             ... on level 5 of the Dungeon.
             The game lasted 00:09:39 (3187 turns).

fleeber the Slasher (Merfolk Gladiator)             Turns: 3187, Time: 00:09:40

Health: -7/48      AC:  4    Str: 10    XL:     6   Next: 83%
Magic:  6/6        EV: 14    Int:  7    God:
Gold:   192        SH:  0    Dex: 18    Spells: 5/5 levels left

rFire   + . .      SeeInvis +    a - +0 long sword
rCold   . . .      Faith    .    (no shield)
rNeg    . . .      Spirit   .    b - +0 leather armour
rPois   +          Reflect  .    c - +0 helmet
rElec   .          Harm     .    h - scarf {repulsion}
rCorr   +          Rampage  .    (no gloves)
Will    .....                    (no boots)
Stlth   +                        n - amulet of magic regeneration
HPRegen 0.28/turn                s - ring of Egomania {rPois rF+ Str-4 SInv}
MPRegen 0.50/turn                p - ring of resist corrosion

@: repel missiles
A: (nimble swimmer 2), mertail
a: no special abilities


You were on level 5 of the Dungeon.
You visited 1 branch of the dungeon, and saw 5 of its levels.

You collected 192 gold pieces.

Inventory:

Hand Weapons
 a - a +0 long sword (weapon)
Missiles
 d - 3 throwing nets
 k - 2 boomerangs of dispersal
 q - a poisoned dart (quivered)
Armour
 b - a +0 leather armour (worn)
 c - a +0 helmet (worn)
 h - a scarf of repulsion (worn)
Jewellery
 n - an amulet of magic regeneration (around neck)
 p - a ring of resist corrosion (right hand)
 s - the ring of Egomania (left hand) {rPois rF+ Str-4 SInv}
   (You found it on level 3 of the Dungeon)

   [ring of protection from fire]

   Str:       It affects your strength (-4).
   rF:        It protects you from fire.
   rPois:     It protects you from poison.
   SInv:      It lets you see invisible.
Scrolls
 g - 2 scrolls of teleportation {unknown}
 l - a scroll of amnesia {unknown}
 m - a scroll of fear {unknown}
 r - a scroll of enchant weapon {unknown}
 t - 2 scrolls of identify {unknown}
 u - 2 scrolls of silence {unknown}
 w - a scroll of enchant armour {unknown}
Potions
 f - a potion of ambrosia {unknown}
 i - a potion of might {unknown}
 j - a potion of flight {unknown}
 o - a potion of curing {unknown}
 v - a potion of lignification {unknown}
 x - a potion of mutation {unknown}
 z - a potion of brilliance {unknown}


   Skills:
 + Level 4.2 Fighting
 * Level 6.8 Long Blades
 - Level 2.0 Throwing
 + Level 5.9 Dodging


You had 5 spell levels left.
You didn't know any spells.
Your spell library contained the following spells:

 Spells                   Type           Power      Damage    Failure   Level
 Freeze                   Ice            0%         1d3       54%         1
 Frozen Ramparts          Ice            0%         1d1       88%         3
 Gell's Gravitas          Tloc           0%         N/A       88%         3
 Hailstorm                Conj/Ice       0%         3d3       88%         3
 Teleport Other           Tloc           0%         N/A       88%         3
 Dispersal                Tloc           0%         N/A       100%        6


Dungeon Overview and Level Annotations

Branches:
Dungeon (5/15)
 Temple: D:4-7

Altars:
Nemelex Xobeh

Shops:
D:3 :   D:4 (

Annotations:
D:3 Sigmund
D:4 exclusion: black bear
D:5 Edmund


Innate Abilities, Weirdness & Mutations

((You are very nimble when in or above water. (Stealth+, EV+, Speed+++)))
Your lower body shifts to a powerful aquatic tail in water.


Message History

Edmund is moderately wounded.
Edmund zaps a wand.
The puff of flame misses you.
You hit Edmund but do no damage.
Edmund is moderately wounded.
Edmund hits you with a +5 flail of holy wrath!
* * * LOW HITPOINT WARNING * * *
You barely miss Edmund.
Edmund is moderately wounded.
Edmund barely misses you.
You slash Edmund!
Edmund is heavily wounded.
Edmund zaps a wand.
The puff of flame is repelled.
You barely miss Edmund.
Edmund is heavily wounded.
Edmund zaps a wand.
The puff of flame is repelled.
You hit Edmund.
Edmund is heavily wounded.
Edmund closely misses you.
You hit Edmund but do no damage.
Edmund is heavily wounded.
Edmund completely misses you.
You slash Edmund!
Edmund is severely wounded.
Edmund hits you with a +5 flail of holy wrath!
* * * LOW HITPOINT WARNING * * *
You completely miss Edmund.
Edmund is severely wounded.
Edmund says, "People think my brother is the best.
I think he's crazy."
Edmund zaps a wand.
The puff of flame hits you. You resist.
* * * LOW HITPOINT WARNING * * *
You hit Edmund.
Edmund is almost dead.
Edmund closely misses you.
You hit Edmund but do no damage.
Edmund is almost dead.
Edmund barely misses you.
You closely miss Edmund.
Edmund is severely wounded.
Edmund hits you with a +5 flail of holy wrath!
You die...

#......###....###.
#......# ##....###
#.###### ####..##
#.# ##..# #.# ##..
#†# ### #.# #.#
#@# #@# #........
#...@....
#....(...
#.(.....(
#........
#........
..>......


You could see Edmund.

Vanquished Creatures
  Blork the orc (D:5)
  2 scorpions
  A howler monkey (D:4)
  An iguana (D:3)
  6 adders
  A shadow imp (D:5)
  3 worms
  2 dart slugs
  2 orcs
  4 endoplasms
  2 giant cockroaches (D:3)
  4 goblins
  6 hobgoblins
  8 jackals (D:1)
  6 quokkas
  11 ball pythons
  3 bats (D:2)
  A frilled lizard (D:3)
  7 kobolds
  4 rats
75 creatures vanquished.

Notes
Turn   | Place    | Note
-------+----------+-------------------------------------------
     0 | D:1      | fleeber the Merfolk Gladiator began the quest for the Orb.
     0 | D:1      | Reached XP level 1. HP: 16/16 MP: 1/1
   165 | D:1      | Reached skill level 4 in Long Blades
   165 | D:1      | Reached XP level 2. HP: 21/23 MP: 2/2
   403 | D:1      | Reached XP level 3. HP: 13/28 MP: 3/3
  1101 | D:2      | Reached XP level 4. HP: 22/35 MP: 4/4
  1190 | D:2      | Reached skill level 5 in Long Blades
  1414 | D:3      | Identified the ring of Egomania {rPois rF+ Str-4 SInv}
  1457 | D:3      | Noticed Sigmund
  1477 | D:3      | Found Saes's Book Boutique.
  1547 | D:3      | Noticed a scorpion
  1566 | D:3      | Killed a scorpion
  1567 | D:3      | Reached skill level 5 in Dodging
  1567 | D:3      | Reached XP level 5. HP: 39/41 MP: 5/5
  2262 | D:4      | Reached skill level 6 in Long Blades
  2262 | D:4      | Reached XP level 6. HP: 44/48 MP: 6/6
  2280 | D:4      | Found Oggiet's Antique Weapon Shop.
  2527 | D:4      | Noticed a black bear
  2918 | D:5      | Entered Level 5 of the Dungeon
  3008 | D:5      | Noticed Blork the orc
  3018 | D:5      | Killed Blork the orc
  3125 | D:5      | Found a sparkling altar of Nemelex Xobeh.
  3165 | D:5      | Noticed Edmund
  3187 | D:5      | Mangled by Edmund

Illustrated notes

Levels and vault maps discovered:
D:1:      dpeg_arrival_boxorama, layout_rooms
D:2:      layout_basic, chequers_jeans
D:3:      layout_loops_ring, serial_shops, nicolae_shop_behind_doors,
          uniq_sigmund
D:4:      layout_loops_ring, serial_shops, kennysheep_little_box
D:5:      kb_forest_paths, layout_basic, nemelex_diamond_rough_becter,
          minmay_temple_entry_poolview, grunt_decor_cap, minmay_starry_boxes,
          uniq_blork_the_orc, uniq_edmund

Skill      XL: |  1  2  3  4  5  6 |
---------------+-------------------+-----
Long Blades    | 4 5 6 |  6.8
Fighting       | 3 4 |  4.2
Dodging        | 5 |  5.9
Throwing       | |  2.0

Action                     |  1- 3 |  4- 6 || total
---------------------------+-------+-------++-------
  Melee: Long sword        |   107 |   136 ||   243
         Punch             |     1 |     1 ||     2
  Throw: Boomerang         |       |     2 ||     2
         Javelin           |       |     3 ||     3
         Dart              |       |     2 ||     2
         Throwing net      |       |     1 ||     1
   Stab: Distracted        |     1 |       ||     1
         Sleeping          |       |     1 ||     1
 Armour: Leather armour    |    44 |    23 ||    67
  Dodge: Dodged            |   113 |    79 ||   192
         Repelled          |       |     5 ||     5

Table legend: (Time is in decaauts)
 A = Elapsed time spent in this place.
 B = Non-inter-level travel time spent in this place.
 C = Inter-level travel time spent in this place.
 D = Time resting spent in this place.
 E = Time spent auto-exploring this place.
 F = Levels seen in this place.
 G = Mean time per level.
                   A        B        C        D        E       F      G
               +--------+--------+--------+--------+--------+-----+--------+
         Total |   3217 |   3178 |     39 |    425 |   2025 |   5 |  643.4 |
       Dungeon |   3217 |   3178 |     39 |    425 |   2025 |   5 |  643.4 |
               +--------+--------+--------+--------+--------+-----+--------+

Top non-repeatable levels by time:
     D:3: 805 daAuts
     D:1: 785 daAuts
     D:4: 730 daAuts
     D:2: 626 daAuts
     D:5: 271 daAuts
